 Dungeon Crawl Stone Soup version 0.27-a0-343-gfcad680f63 (webtiles) character file.

Game seed: 2452666462609735367

1974 wampuh the Fighter (level 9, -2/82 HPs)
             Began as a Minotaur Fighter on Feb 15, 2021.
             Slain by a killer bee (7 damage)
             ... on level 7 of the Dungeon.
             The game lasted 00:05:22 (6337 turns).

wampuh the Fighter (Minotaur Fighter)               Turns: 6337, Time: 00:05:23

Health: -2/82      AC: 15    Str: 25    XL:     9   Next: 0%
Magic:  8/8        EV:  4    Int:  5    God:
Gold:   415        SH: 22    Dex:  9    Spells: 8/8 levels left

rFire    . . .     SeeInvis .   a - +0 war axe
rCold    . . .     Faith    .   j - +0 tower shield
rNeg     . . .     Spirit   .   r - +0 plate armour
rPois    .         Reflect  +   (helmet restricted)
rElec    .         Harm     .   s - scarf {+Inv}
rCorr    .         Rampage  .   k - +0 pair of gloves
Will     .....                  (no boots)
Stlth    ..........             o - amulet of reflection
HPRegen  0.23/turn              (no ring)
MPRegen  0.11/turn              (no ring)

@: lethally poisoned (-2 -> -2), berserk cooldown, attractive, slowed, very slow
A: retaliatory headbutt, horns 2
a: Evoke Invisibility


You were on level 7 of the Dungeon.
You visited 1 branch of the dungeon, and saw 7 of its levels.

You collected 415 gold pieces.

Inventory:

Hand Weapons
 a - a +0 war axe (weapon)
Armour
 c - a +0 kite shield
 j - a +0 tower shield (worn)
 k - a +0 pair of gloves (worn)
 r - a +0 plate armour (worn)
 s - a scarf of invisibility (worn)
Jewellery
 o - an amulet of reflection (around neck)
 C - a ring of willpower {unknown}
Wands
 x - a wand of acid (13)
 B - a wand of flame (7)
 D - a wand of mindburst (12)
Scrolls
 d - a scroll of amnesia {unknown}
 g - 6 scrolls of teleportation {unknown}
 h - 4 scrolls of identify {unknown}
 l - 2 scrolls of enchant armour {unknown}
 t - 2 scrolls of fear {unknown}
 u - 2 scrolls of fog {unknown}
 y - a scroll of noise {unknown}
 z - a scroll of immolation {unknown}
 A - 2 scrolls of magic mapping {unknown}
Potions
 b - a potion of invisibility {unknown}
 e - 3 potions of heal wounds {unknown}
 f - 2 potions of curing {unknown}
 i - a potion of brilliance {unknown}
 m - a potion of attraction
 p - a potion of might
 q - 2 potions of cancellation {unknown}
 v - a potion of flight {unknown}
 w - a potion of ambrosia {unknown}
 E - a potion of degeneration {unknown}


   Skills:
 + Level 8.6 Fighting
 - Level 4.1 Axes
 + Level 8.5 Armour
 + Level 8.5 Shields
 + Level 1.6 Evocations


You had 8 spell levels left.
You didn't know any spells.
Your spell library contained the following spells:

 Spells                   Type           Power        Failure   Level
 Confusing Touch          Hex            0%           100%        3
 Gell's Gravitas          Tloc           0%           100%        3
 Petrify                  Tmut/Erth      0%           100%        4
 Metabolic Englaciation   Hex/Ice        0%           100%        5
 Yara's Violent Unravell  Hex/Tmut       0%           100%        5


Dungeon Overview and Level Annotations

Branches:
Dungeon (7/15)             Temple (0/1) D:5

Altars:
Cheibriados
Dithmenos
Kikubaaqudgha
Makhleb
Qazlal
Sif Muna
Trog
Wu Jian


Innate Abilities, Weirdness & Mutations

You reflexively headbutt those who attack you in melee.
You have a pair of horns on your head.


Message History

You kill the killer bee!
Your shield and plate armour prevent you from hitting the killer bee.
You block the killer bee's attack. x2
You have reached level 9!
Your experience leads to an increase in your attributes!
Increase (S)trength, (I)ntelligence, or (D)exterity?
You feel stronger.
Your plate armour prevents you from hitting the killer bee.
The killer bee stings you but does no damage.
You block the killer bee's attack.
Unknown command.
You miss the killer bee.
You feel sick. You block the killer bee's attack.
The killer bee completely misses you. You furiously retaliate!
You headbutt the killer bee. You block the killer bee's attack.
You closely miss the killer bee.
The killer bee is moderately wounded.
You block the killer bee's attack.
The killer bee stings you but does no damage.
You barely miss the killer bee.
The killer bee is moderately wounded.
The killer bee stings you.
* * * LOW HITPOINT WARNING * * *
The killer bee stings you but does no damage.
You miss the killer bee.
The killer bee is moderately wounded.
You are no longer berserk.
You are exhausted.
You feel yourself slow down. You block the killer bee's attack. x2
You miss the killer bee. Your headbutt misses the killer bee.
The killer bee is moderately wounded.
You feel sick. You block the killer bee's attack.
The killer bee stings you but does no damage. x2
You block the killer bee's attack. x2
You miss the killer bee. Your headbutt misses the killer bee.
The killer bee is moderately wounded.
You feel sick. The killer bee stings you.
* * * LOW HITPOINT WARNING * * *
The killer bee stings you but does no damage.
The killer bee stings you!
You die...

## #.. #.##.. .
##..... .# .......
.........#
.......###..#.....
........##.......#
........†$.......##
#....@y.........+
#....†..........#
...............##.#
#[..#.............#
#..
###..........>######
##
#........§........
.............#.[...
..(..........$..#..
.#..............##.


You could see a killer bee.

Vanquished Creatures
  Prince Ribbit (D:5)
  Duvessa (D:5)
  An ice beast (D:7)
  An ogre (D:5)
  2 phantoms
  A bullfrog (D:7)
  Dowan (D:5)
  2 scorpions
  7 wights
  2 killer bees (D:7)
  2 howler monkeys (D:6)
  A bullfrog zombie (D:5)
  A hound (D:4)
  2 orc priests (D:4)
  Jessica (D:4)
  Ijyb (D:5)
  An iguana (D:6)
  4 worker ants
  A hound zombie (D:5)
  A worker ant zombie (D:6)
  15 gnolls
  6 adders
  3 shadow imps
  2 white imps
  A worm (D:2)
  4 dart slugs
  5 leopard geckos
  10 orcs
  10 bats
  5 giant cockroaches
  4 goblins
  5 hobgoblins
  16 jackals
  10 quokkas
  A ball python (D:6)
  5 frilled lizards
  A giant cockroach zombie (D:5)
  8 kobolds
  A quokka skeleton (D:4)
  10 rats
156 creatures vanquished.

Vanquished Creatures (others)
  A kobold (D:3)
  4 withered plants (D:2)
5 creatures vanquished.

Grand Total: 161 creatures vanquished

Notes
Turn   | Place    | Note
-------+----------+-------------------------------------------
     0 | D:1      | wampuh the Minotaur Fighter began the quest for the Orb.
     0 | D:1      | Reached XP level 1. HP: 19/19 MP: 0/0
   112 | D:1      | Reached XP level 2. HP: 27/27 MP: 1/1
   803 | D:2      | Reached XP level 3. HP: 33/33 MP: 2/2
   805 | D:2      | Found an ornate altar of the Wu Jian Council.
  1322 | D:2      | Reached XP level 4. HP: 3/41 MP: 3/3
  2040 | D:2      | Found an ancient bone altar of Kikubaaqudgha.
  2275 | D:2      | Found a bloodstained altar of Trog.
  2620 | D:3      | Reached XP level 5. HP: 47/47 MP: 4/4
  2807 | D:3      | Reached skill level 5 in Fighting
  2872 | D:3      | Reached skill level 5 in Armour
  2872 | D:3      | Reached skill level 5 in Shields
  2981 | D:3      | Found a stormy altar of Qazlal.
  3105 | D:4      | Reached XP level 6. HP: 41/56 MP: 5/5
  4079 | D:4      | Found a snail-covered altar of Cheibriados.
  4200 | D:4      | Noticed Jessica
  4207 | D:4      | Found a shimmering blue altar of Sif Muna.
  4215 | D:4      | Killed Jessica
  4236 | D:5      | Entered Level 5 of the Dungeon
  4297 | D:5      | Found a burning altar of Makhleb.
  4301 | D:5      | Noticed Prince Ribbit
  4301 | D:5      | Noticed Dowan
  4306 | D:5      | Found a staircase to the Ecumenical Temple.
  4306 | D:5      | Noticed Duvessa
  4312 | D:5      | Killed Duvessa
  4313 | D:5      | Reached XP level 7. HP: 50/63 MP: 6/6
  4314 | D:5      | Killed Dowan
  4319 | D:5      | Killed Prince Ribbit
  4933 | D:5      | Noticed Ijyb
  4944 | D:5      | Killed Ijyb
  4967 | D:5      | Found a shadowy altar of Dithmenos.
  4980 | D:5      | Reached XP level 8. HP: 69/73 MP: 7/7
  6221 | D:7      | Found an ornate altar of the Wu Jian Council.
  6288 | D:7      | Reached skill level 1 in Evocations
  6331 | D:7      | Reached XP level 9. HP: 14/82 MP: 8/8
  6337 | D:7      | Slain by a killer bee

Illustrated notes

Levels and vault maps discovered:
D:1:      dpeg_arrival_windows_large_door, layout_loops_ring
D:2:      layout_loops_corners, nzn_wu_jian_council_hall,
          kiku_gazebo_garden_becter, general_overflow_altar,
          grunt_ministairs_13, hangedman_abyss_or_decor_stabs,
          minmay_misc_feat_nine_boxes
D:3:      layout_rooms, nicolae_overflow_hidden_temple,
          corexii_item_surrounded_by_moat
D:4:      layout_basic, lemuel_coloured_pillars_altar, tgw_sif
D:5:      layout_loops_cross, lemuel_doored_altar,
          minmay_temple_entry_drinking_statues, grunt_dithmenos_shadows,
          uniq_prince_ribbit1, uniq_ijyb, uniq_duvessa
D:6:      layout_basic, chequers_serial_rivers_small_b
D:7:      layout_cave_pools, overflow_temple_1_default, basic_altar,
          kennysheep_generic_room_8

Skill      XL: |  1  2  3  4  5  6  7  8 |
---------------+-------------------------+-----
Fighting       | 4 5 6 7 8 |  8.6
Shields        | 4 5 7 8 |  8.5
Axes           | 3 4 |  4.1
Armour         | 4 5 7 8 |  8.5
Evocations     | 1 |  1.6

Action                   |  1- 3 |  4- 6 |  7- 9 || total
-------------------------+-------+-------+-------++-------
Melee: War axe           |    71 |   157 |   194 ||   422
       Headbutt          |     6 |    24 |    39 ||    69
  Use: Potion            |     1 |     1 |     2 ||     4
Armor: Scale mail        |    34 |       |       ||    34
       Plate armour      |       |    75 |   103 ||   178
Dodge: Dodged            |    17 |    11 |    22 ||    50
Block: Kite shield       |    14 |       |       ||    14
       Tower shield      |    46 |   218 |   284 ||   548
       Reflection        |       |     8 |     1 ||     9

Table legend: (Time is in decaauts)
 A = Elapsed time spent in this place.
 B = Non-inter-level travel time spent in this place.
 C = Inter-level travel time spent in this place.
 D = Time resting spent in this place.
 E = Time spent auto-exploring this place.
 F = Levels seen in this place.
 G = Mean time per level.
                   A        B        C        D        E       F      G
               +--------+--------+--------+--------+--------+-----+--------+
         Total |   6618 |   6474 |    144 |   1205 |   4076 |   7 |  945.4 |
       Dungeon |   6618 |   6474 |    144 |   1205 |   4076 |   7 |  945.4 |
               +--------+--------+--------+--------+--------+-----+--------+

Top non-repeatable levels by time:
     D:2: 1594 daAuts
     D:5: 1235 daAuts
     D:4: 1221 daAuts
     D:1: 1037 daAuts
     D:6: 852 daAuts
     D:3: 529 daAuts
     D:7: 147 daAuts
